 Dungeon Crawl Stone Soup version 0.29.1-4-g47bece8355 (webtiles) character file.

Game seed: 10606664621548334418

231432 fishmans the Severer (level 18, -9/155 HPs)
             Began as a Minotaur Berserker on Dec 4, 2022.
             Was a High Priest of Trog.
             Shot with an arrow by a centaur warrior (12 damage)
             ... on level 1 of the Vaults on Dec 5, 2022.
             The game lasted 06:36:14 (68583 turns).

fishmans the Severer (Minotaur Berserker)          Turns: 68583, Time: 06:36:15

Health: -9/155     AC: 24    Str: 33    XL:     18   Next: 36%
Magic:  17/17      EV: 13    Int:  7    God:    Trog [*****.]
Gold:   566        SH:  5    Dex: 13    Spells: 17/17 levels left

rFire   . . .      SeeInvis .   X - +6 battleaxe "Beetleslayer" {speed, rElec rPois Int+3}
rCold   . . .      Faith    .   (shield currently unavailable)
rNeg    . . .      Spirit   .   D - +3 plate armour
rPois   +          Reflect  +   (helmet restricted)
rElec   +          Harm     .   (no cloak)
rCorr   .          Rampage  .   t - +1 Delatra's gloves {ID++}
Will    +++..                   A - +1 pair of boots
Stlth   ..........              n - amulet of reflection
HPRegen 1.35/turn               W - +6 ring of strength
MPRegen 0.15/turn               i - ring of poison resistance

@: marked, strong-willed, frozen, regenerating, very slow
A: horns 2, retaliatory headbutt
}: 2/15 runes: decaying, serpentine
a: Renounce Religion, Berserk, Trog's Hand, Brothers in Arms


You were on level 1 of the Vaults.
You worshipped Trog.
Trog was extremely pleased with you.
You visited 6 branches of the dungeon, and saw 31 of its levels.

You collected 2515 gold pieces.
You spent 1949 gold pieces at shops.

Inventory:

Hand Weapons
 d - a +2 morningstar
 e - a +2 mace of venom
 r - a +3 arbalest
 N - a +3 vorpal dire flail
 O - a +2 flail of venom
 V - a +4 shortbow of flaming
 X - the +6 battleaxe "Beetleslayer" (weapon) {speed, rElec rPois Int+3}
   (You bought it in a shop on level 3 of the Snake Pit)

   Attacks with this weapon are significantly faster.
   Int:       It affects your intelligence (+3).
   rElec:     It insulates you from electricity.
   rPois:     It protects you from poison.
 Z - a +3 demon whip
Missiles
 w - 17 boomerangs
 G - 75 poisoned darts
 P - 4 throwing nets
Armour
 t - the +1 Delatra's gloves (worn) {ID++}
   (You found it on level 3 of the Dungeon)

   It heals its wearer when they drink unknown potions.
   It restores its wearer's MP when they read unknown scrolls.
 A - a +1 pair of boots (worn)
 D - a +3 plate armour (worn)
 K - the +1 tower shield of Roguut {Rampage Int+3 Dex+5}
   (You took it off Louise on level 3 of the Snake Pit)

   Int:       It affects your intelligence (+3).
   Dex:       It affects your dexterity (+5).
   Rampage:   It bestows one free step when moving towards enemies.
Jewellery
 b - a ring of fire
 f - a ring of resist corrosion
 i - a ring of poison resistance (right hand)
 n - an amulet of reflection (around neck)
 s - a +6 ring of dexterity
 Q - a ring of flight
 U - a +6 ring of intelligence
 W - a +6 ring of strength (left hand)
 Y - a ring of fire
Wands
 a - a wand of flame (29)
 q - a wand of polymorph (23)
 y - a wand of light (40)
 I - a wand of roots (36) (quivered)
 J - a wand of paralysis (8)
 S - a wand of mindburst (18)
Scrolls
 j - 2 scrolls of fear
 m - 2 scrolls of enchant weapon
 o - 12 scrolls of teleportation
 p - 3 scrolls of acquirement {unknown}
 C - 2 scrolls of vulnerability
 E - 17 scrolls of identify
 F - 7 scrolls of enchant armour
 H - 3 scrolls of poison
 L - 3 scrolls of fog
Potions
 c - 7 potions of brilliance
 g - 2 potions of berserk rage
 h - 2 potions of invisibility
 k - 3 potions of ambrosia
 l - 8 potions of attraction
 u - 8 potions of curing
 x - 2 potions of flight
 z - 4 potions of might
 B - 2 potions of cancellation
 M - a potion of magic
 R - 2 potions of resistance
 T - 2 potions of haste


   Skills:
 - Level 12.3 Fighting
 * Level 17.1(19.3) Axes
 - Level 15.1(18.3) Maces & Flails
 * Level 14.7 Ranged Weapons
 - Level 9.8 Throwing
 + Level 14.5 Armour
 - Level 10.4 Dodging
 + Level 10.1 Stealth
 - Level 6.0 Shields
 + Level 9.6 Evocations


You had 17 spell levels left.
You didn't know any spells.
Your spell library was empty.

Dungeon Overview and Level Annotations

Branches:
Dungeon (15/15)            Temple (0/1) D:6            Lair (5/5) D:8
  Swamp (4/4) Lair:3        Snake (4/4) Lair:3          Orc (2/2) D:9
    Elf (0/3) Orc:2        Vaults (1/5) D:14         Depths (0/4) D:15
  Slime: Lair:4-5

Altars:
Cheibriados
Elyvilon
Gozag
Hepliaklqana
Kikubaaqudgha
Makhleb
Sif Muna
Vehumet
Wu Jian
Yredelemnul
The Shining One
Jiyva

Shops:
D:8 *   Orc:1 :(*[   Orc:2 *[*[   Snake:1 *   Snake:3 :(![

Annotations:
D:9 2 transporters
Lair:1 exclusion: oklob plant
Lair:3 1 runed translucent door, Lutefisk's ghost, journeyman TeAE
Lair:4 exclusion: oklob plant
Swamp:4 2 runed translucent doors, Jacimip's ghost, journeyman HaHu
Snake:4 3 runed translucent doors, Gibbon's ghost, adept DsNe


Innate Abilities, Weirdness & Mutations

You have a pair of horns on your head.
You reflexively headbutt those who attack you in melee.


Message History

The centaur warrior barely misses you.
The centaur warrior kicks you but does no damage.
The centaur warrior unwields a +0 longbow.
The centaur warrior hits you but does no damage.
The centaur warrior kicks you but does no damage.
The centaur warrior hits you but does no damage.
The centaur warrior kicks you but does no damage.
The ironbound frostheart calls freezing cold from the walls.
The frost grips you.
* * * LOW HITPOINT WARNING * * *
You are encased in ice.
Items here: ( ))) [[.
You slice the centaur warrior!!
The centaur warrior is heavily wounded.
You hit the centaur warrior but do no damage.
The centaur warrior hits you but does no damage.
The centaur warrior kicks you but does no damage.
You barely miss the centaur warrior. You headbutt the centaur warrior!
The centaur warrior is severely wounded.
You slash the centaur warrior!
The centaur warrior hits you but does no damage.
The centaur warrior barely misses you.
A centaur warrior comes into view.
The centaur warrior attacks as you move away!
The centaur warrior closely misses you. The centaur warrior kicks you.
* * * LOW HITPOINT WARNING * * *
You feel less invigorated.
You feel less confused.
The centaur warrior wields a +0 shortbow.
The centaur warrior shoots an arrow.
You reflect the arrow off an invisible shield around you!
The arrow closely misses the centaur warrior.
The centaur warrior shoots an arrow.
The arrow hits you!
* * * LOW HITPOINT WARNING * * *
The centaur warrior shoots an arrow.
The arrow barely misses you.
The centaur warrior wields a +0 shortbow.
The centaur warrior shoots an arrow.
The arrow hits you!
* * * LOW HITPOINT WARNING * * *
The centaur warrior shoots an arrow.
The arrow hits you!
You die...

############################
#...........................
#...........................
#..#################....####
#..# #....##.. #..#
#....##.. #..#
#############....##.. #..#
#.#.#..c#.#.#....##.c #..#
##.#@#)#.#.##....##.. #..#
#.#.#.#c#.#.#....##.c #..#
##.#.###c#.##....###' #..#
#.#.## ##p#c#....#... #..#
#>.## ##p.#....#... #..#
#.#.## #.#c'...c#.c. #..#
##.#.###.#.##...c'... #..#
#.#.#.#.#.# #....#... #..#
##.#.#.#.# #....'...


You could see a centaur warrior (fast).

Vanquished Creatures
  Nikola (Swamp:4)
  Jorgrun (Orc:2)
  2 quicksilver dragons (Snake:4)
  4 thorn hunters
  Agnes (Snake:2)
  Kirke (Snake:1)
  2 fenstrider witches
  3 vault wardens (Vaults:1)
  Louise (Snake:3)
  A ghoul (Swamp:4)
  2 ironbound preservers (D:14)
  3 very ugly things (D:14)
  An ironbound thunderhulk (Vaults:1)
  4 bunyips
  2 green draconians (Swamp:2)
  3 eleionomae
  Josephine (D:13)
  3 shambling mangroves
  3 yaktaur captains
  A great orb of eyes (Vaults:1)
  6 salamander tyrants
  16 hydras
  Erolcha (Orc:1)
  An ice dragon (Snake:2)
  4 ghost crabs (Swamp:4)
  7 anacondas
  10 naga warriors
  3 centaur warriors
  A rakshasa (D:13)
  9 alligators
  An ironbound frostheart (Vaults:1)
  A two-headed ogre (D:9)
  2 boulder beetles
  5 death yaks (Lair:3)
  12 naga sharpshooters
  9 shock serpents
  Urug (Orc:1)
  5 salamander mystics
  5 goliath frogs
  5 sea snakes (Snake:3)
  An entropy weaver zombie (Vaults:1)
  A death drake (Swamp:2)
  8 deep trolls
  5 spriggan druids
  4 bog bodies
  3 naga ritualists
  A lindwurm (Vaults:1)
  5 spectral hydras (Swamp:4)
  2 wizards (D:15)
  6 swamp dragons
  5 harpies (Vaults:1)
  3 necromancers
  5 orc knights
  14 mana vipers
  3 deep elf pyromancers
  A phantasmal warrior (Swamp:4)
  A frost giant zombie (Vaults:1)
  A deep elf zephyrmancer (D:15)
  A fire giant zombie (Vaults:1)
  2 orc sorcerers (D:15)
  A human zombie (Vaults:1)
  4 cyclopes
  11 ugly things
  22 salamanders
  3 manticores
  7 elephants
  27 black mambas
  3 will-o-the-wisps (Swamp:4)
  7 vault sentinels
  9 guardian serpents
  13 naga magi
  2 gargoyles
  A rime drake (Lair:4)
  A kobold demonologist (D:11)
  8 cane toads
  A centaur skeleton (D:15)
  3 swamp worm zombies (Swamp:4)
  A tengu conjurer (D:14)
  16 yaktaurs
  6 komodo dragons
  A freezing wraith (D:13)
  4 meliai
  4 hydra zombies (Swamp:4)
  7 tyrant leeches
  8 hornets
  3 trolls
  A shadow dragon simulacrum (Vaults:1)
  4 alligator zombies (Swamp:4)
  Prince Ribbit (Lair:1)
  4 dream sheep (Lair:4)
  8 slime creatures
  A spectral swamp dragon (Swamp:4)
  An ettin zombie (Vaults:1)
  21 blink frogs
  A culicivora (shapeshifter) (D:15)
  A centaur simulacrum (D:15)
  5 wraiths
  A yak (shapeshifter) (D:14)
  7 spriggans
  A water elemental (D:14)
  2 shadows
  39 yaks
  8 wyverns
  2 steam dragons
  5 basilisks
  A warg (Orc:1)
  11 vampire mosquitoes
  14 swamp worms
  32 nagas
  13 water moccasins
  Edmund (D:6)
  3 acid dragons
  A meliai simulacrum (D:14)
  37 orc warriors
  8 swamp drakes
  3 swamp dragon zombies (Swamp:4)
  4 black bears
  An ettin simulacrum (Vaults:1)
  2 ice beasts (D:7)
  2 sky beasts
  19 centaurs
  4 wolves (Lair:1)
  11 ogres
  7 phantoms
  9 kobold brigands
  2 necrophages
  10 bullfrogs
  Blork the orc (D:5)
  A gnoll sergeant (D:11)
  2 human skeletons (Vaults:1)
  3 scorpions (D:5)
  A water moccasin skeleton (D:6)
  15 wights
  3 howler monkeys (D:10)
  8 electric eels
  6 crimson imps (D:10)
  2 bullfrog zombies (D:6)
  2 hounds
  Crazy Yiuf (D:4)
  6 orc priests
  2 centaur zombies
  3 iguanas
  19 orc wizards
  Ijyb (D:3)
  Natasha (D:3)
  Terence (D:3)
  A killer bee zombie (D:6)
  A mummy (D:8)
  2 howler monkey zombies (D:6)
  11 gnolls
  2 swamp drake zombies (Swamp:4)
  12 adders
  A river rat (D:5)
  3 shadow imps
  4 white imps
  3 ufetubi
  2 worms (D:5)
  3 dart slugs
  80 orcs
  9 bats
  11 endoplasms
  3 giant cockroaches
  2 hobgoblins
  3 jackals (D:1)
  A quokka (D:2)
  9 ball pythons
  4 frilled lizards
  6 goblins
  28 kobolds
  8 rats
  A spectral kobold (D:7)
  5 briar patches (Swamp:2)
990 creatures vanquished.

Vanquished Creatures (collateral kills)
  Mlioglotl (Snake:1)
  A nagaraja (Snake:4)
  Aizul (Snake:1)
  A salamander (Snake:4)
  2 yaktaurs (Vaults:1)
6 creatures vanquished.

Vanquished Creatures (others)
  A naga warrior (Snake:2)
  A goliath frog (Swamp:1)
  4 bloated husks
  5 humans (Snake:1)
  2 vampire mosquitoes (Swamp:4)
  A bush (D:6)
  A butterfly (D:6)
  11 foxfires (Swamp:4)
  21 fungi
  73 plants
  5 withered plants (D:6)
125 creatures vanquished.

Grand Total: 1121 creatures vanquished

Notes
Turn   | Place    | Note
-------+----------+-------------------------------------------
     0 | D:1      | fishmans the Minotaur Berserker began the quest for the
                  | Orb.
     0 | D:1      | Reached XP level 1. HP: 19/19 MP: 0/0
   283 | D:1      | Reached skill level 4 in Axes
   364 | D:1      | Reached XP level 2. HP: 25/27 MP: 1/1
   820 | D:1      | Found a faded altar of an unknown god.
   996 | D:2      | Reached skill level 5 in Axes
   997 | D:2      | Reached XP level 3. HP: 33/33 MP: 2/2
  1028 | D:2      | Reached ** piety under Trog
  1960 | D:3      | Reached XP level 4. HP: 40/40 MP: 3/3
  2082 | D:3      | Reached skill level 6 in Axes
  2161 | D:3      | Found a radiant altar of Vehumet.
  2221 | D:3      | Found a basalt altar of Yredelemnul.
  2222 | D:3      | Noticed Terence
  2248 | D:3      | Killed Terence
  2411 | D:3      | Reached XP level 5. HP: 42/46 MP: 4/4
  2428 | D:3      | Reached skill level 7 in Axes
  2647 | D:3      | Noticed Ijyb
  2687 | D:3      | Killed Ijyb
  2954 | D:3      | Noticed Natasha
  2965 | D:3      | Killed Natasha
  2985 | D:3      | Found the +1 Delatra's gloves {ID++}
  2995 | D:3      | Reached skill level 8 in Axes
  2995 | D:3      | Reached XP level 6. HP: 50/52 MP: 5/5
  3154 | D:3      | Found a shimmering blue altar of Sif Muna.
  4081 | D:4      | Found a runed translucent door.
  4082 | D:4      | Noticed Crazy Yiuf
  4251 | D:4      | Killed Crazy Yiuf
  4252 | D:4      | Reached skill level 9 in Axes
  4339 | D:5      | Entered Level 5 of the Dungeon
  4598 | D:5      | Reached XP level 7. HP: 58/58 MP: 6/6
  4652 | D:5      | Reached skill level 10 in Axes
  5141 | D:5      | Reached *** piety under Trog
  5340 | D:5      | Reached skill level 11 in Axes
  5397 | D:5      | Noticed Blork the orc
  5444 | D:5      | Killed Blork the orc
  5837 | D:6      | Reached XP level 8. HP: 66/66 MP: 7/7
  5842 | D:6      | Noticed Edmund
  5966 | D:6      | Found an ancient bone altar of Kikubaaqudgha.
  6228 | D:6      | Reached skill level 5 in Fighting
  6313 | D:6      | Found a staircase to the Ecumenical Temple.
  6380 | D:5      | Reached skill level 12 in Axes
  7132 | D:6      | Reached XP level 9. HP: 73/79 MP: 8/8
  7347 | D:6      | Found a white marble altar of Elyvilon.
  7433 | D:6      | Killed Edmund
  7434 | D:6      | Reached skill level 13 in Axes
  8176 | D:7      | Found an ornate altar of the Wu Jian Council.
  8684 | D:7      | Reached skill level 5 in Maces & Flails
  8894 | D:7      | Found a hazy altar of Hepliaklqana.
  9455 | D:8      | Found a snail-covered altar of Cheibriados.
  9463 | D:8      | Found an opulent altar of Gozag.
 10169 | D:8      | Noticed a gargoyle
 10205 | D:8      | Killed a gargoyle
 10206 | D:8      | Reached XP level 10. HP: 69/88 MP: 9/9
 10331 | D:8      | Found a staircase to the Lair.
 10460 | D:8      | Reached skill level 10 in Maces & Flails
 10778 | D:8      | Found Punlo's Island Escapes.
 11007 | D:8      | Found a burning altar of Makhleb.
 11068 | D:8      | Noticed an elephant
 11093 | D:8      | Killed an elephant
 11300 | D:8      | Bought a ring of flight for 262 gold pieces
 11542 | D:9      | Found a transporter.
 11545 | D:9      | Noticed a two-headed ogre
 11580 | D:9      | Killed a two-headed ogre
 12092 | D:9      | Reached skill level 1 in Shields
 12162 | D:9      | Reached skill level 1 in Throwing
 12211 | D:9      | Found a staircase to the Orcish Mines.
 12222 | D:9      | Reached **** piety under Trog
 12974 | D:9      | Reached XP level 11. HP: 94/94 MP: 10/10
 13047 | D:9      | Found a glowing golden altar of the Shining One.
 13198 | D:9      | Found a viscous altar of Jiyva.
 13198 | D:9      | Found the amulet of the Air {Inacc Air Fly rElec RMsl}
 13199 | D:9      | Found a transporter.
 13427 | D:9      | Identified the +2 pair of boots of the Haunted Centipede
                  | {Drain rPois rF+}
 13617 | D:10     | Entered Level 10 of the Dungeon
 13669 | Lair:1   | Entered Level 1 of the Lair of Beasts
 13705 | Lair:1   | Reached skill level 5 in Armour
 14092 | Lair:1   | Reached skill level 5 in Shields
 14213 | Lair:1   | Noticed an eight-headed hydra
 14290 | Lair:1   | Killed an eight-headed hydra
 14658 | Lair:1   | Reached skill level 5 in Throwing
 15228 | Lair:1   | Identified the +8 falchion "Jioceoh" {venom, Str+4}
 15257 | Lair:1   | Noticed Prince Ribbit
 15277 | Lair:1   | Killed Prince Ribbit
 15346 | Lair:1   | Noticed an oklob plant
 15818 | Lair:2   | Noticed a seven-headed hydra
 15831 | Lair:2   | Killed a seven-headed hydra
 16075 | Lair:2   | Reached skill level 5 in Dodging
 16078 | Lair:2   | Reached XP level 12. HP: 87/101 MP: 11/11
 17352 | Lair:3   | Noticed a death yak
 17352 | Lair:3   | Noticed a death yak
 17352 | Lair:3   | Noticed a death yak
 17360 | Lair:3   | Noticed a death yak
 17365 | Lair:3   | Noticed a death yak
 17366 | Lair:3   | Killed a death yak
 17374 | Lair:3   | Killed a death yak
 17380 | Lair:3   | Killed a death yak
 17384 | Lair:3   | Killed a death yak
 17385 | Lair:3   | Reached skill level 10 in Armour
 17390 | Lair:3   | Killed a death yak
 17399 | Lair:3   | Reached ***** piety under Trog
 17646 | Lair:3   | Found a runed translucent door.
 17680 | Lair:3   | Found a staircase to the Snake Pit.
 18009 | Lair:3   | Found a staircase to the Swamp.
 18797 | Lair:3   | Reached XP level 13. HP: 107/107 MP: 12/12
 19280 | Lair:3   | Noticed Lutefisk's ghost (journeyman TeAE)
 19524 | Lair:4   | Reached skill level 1 in Evocations
 20821 | Lair:5   | Entered Level 5 of the Lair of Beasts
 23050 | D:11     | Found a glowing golden altar of the Shining One.
 23640 | D:11     | Received a gift from Trog
 24519 | D:12     | Reached skill level 1 in Stealth
 26326 | D:13     | Reached skill level 10 in Dodging
 27604 | D:13     | Noticed Josephine
 27661 | D:13     | Killed Josephine
 27662 | D:13     | Reached XP level 14. HP: 50/107 MP: 13/13
 28102 | D:14     | Reached skill level 5 in Evocations
 28127 | D:14     | You fall into a shaft and drop 1 floor!
 28127 | D:15     | Entered Level 15 of the Dungeon
 29069 | D:14     | Reached skill level 1 in Ranged Weapons
 29464 | D:14     | Found a gate to the Vaults.
 30282 | D:15     | Reached skill level 5 in Stealth
 30357 | D:15     | Found a staircase to the Depths.
 30619 | Orc:1    | Entered Level 1 of the Orcish Mines
 30619 | Orc:1    | Found Okheumau's Assorted Antiques.
 30954 | Orc:1    | Bought a jade ring for 115 gold pieces
 30981 | Orc:1    | Found Niephuv's Antique Weapon Shoppe.
 31039 | Orc:1    | Noticed Urug
 31068 | Orc:1    | Killed Urug
 31264 | Orc:1    | Found Tenaag's Book Boutique.
 31494 | Orc:2    | Entered Level 2 of the Orcish Mines
 33438 | Orc:2    | Found Ideweofo's Antique Armour Boutique.
 33438 | Orc:2    | Found Ijiffig's Assorted Antiques.
 33440 | Orc:2    | Found Onun's Antique Armour Shoppe.
 33442 | Orc:2    | Found Zalad's Assorted Antiques.
 33673 | Orc:2    | Found a staircase to the Elven Halls.
 33847 | Orc:1    | Noticed Erolcha
 33857 | Orc:1    | Killed Erolcha
 33889 | Orc:1    | Found Qyrghuon's Armour Shoppe.
 33889 | Orc:1    | Noticed Jorgrun
 34173 | Orc:2    | Received a gift from Trog
 34249 | Orc:2    | Killed Jorgrun
 34658 | Snake:1  | Entered Level 1 of the Snake Pit
 34658 | Snake:1  | Noticed Aizul
 34720 | Snake:1  | Killed Aizul
 34730 | Snake:1  | Noticed Mlioglotl
 34741 | Snake:1  | Killed Mlioglotl
 34742 | Snake:1  | Reached skill level 5 in Ranged Weapons
 35638 | Snake:1  | Reached XP level 15. HP: 97/126 MP: 14/14
 36082 | Snake:1  | Reached skill level 15 in Maces & Flails
 36982 | Snake:1  | Found Ojeisa's Assorted Antiques.
 36986 | Snake:1  | Identified the +2 robe "Koweodeu" {*Corrode Will+ Archmagi}
 36990 | Snake:1  | Bought a potion of heal wounds for 185 gold pieces
 36990 | Snake:1  | Bought a scroll of blinking for 277 gold pieces
 37263 | Snake:1  | Noticed Kirke
 37302 | Snake:1  | Killed Kirke
 37620 | Snake:1  | Reached skill level 10 in Fighting
 41166 | Snake:2  | Noticed Agnes
 41185 | Snake:2  | Killed Agnes
 41819 | Snake:3  | Found Ujebetwui's Armour Shoppe.
 44749 | Snake:3  | Reached skill level 10 in Ranged Weapons
 44858 | Snake:3  | Found Ruschon's Distillery.
 44889 | Snake:3  | Reached XP level 16. HP: 137/137 MP: 15/15
 45330 | Snake:3  | Found Lyipho's Book Shop.
 45624 | Snake:3  | Identified the +1 tower shield of Roguut {Rampage Int+3
                  | Dex+5}
 45624 | Snake:3  | Noticed Louise
 45643 | Snake:3  | Killed Louise
 46319 | Snake:3  | Found Qeaqee's Weapon Shoppe.
 46324 | Snake:3  | Bought the +6 battleaxe "Beetleslayer" {speed, rElec rPois
                  | Int+3} for 1110 gold pieces
 47432 | Snake:4  | Entered Level 4 of the Snake Pit
 49220 | Snake:4  | Found a runed translucent gate.
 49220 | Snake:4  | Found a runed translucent gate.
 49220 | Snake:4  | Found a runed translucent gate.
 49224 | Snake:4  | Noticed Gibbon's ghost (adept DsNe)
 50160 | Snake:4  | Noticed a quicksilver dragon
 50178 | Snake:4  | Killed a quicksilver dragon
 50179 | Snake:4  | Reached skill level 14 in Axes
 50460 | Snake:4  | Noticed a quicksilver dragon
 50464 | Snake:4  | Killed a quicksilver dragon
 50494 | Snake:4  | HP: 5/139 [poisoned by a nagaraja (bolt of poison)]
 50499 | Snake:4  | HP: 6/139 [poisoned by a nagaraja (bolt of poison)]
 51574 | Snake:4  | Got a serpentine rune of Zot
 51981 | Swamp:1  | Entered Level 1 of the Swamp
 53795 | Swamp:1  | Identified the +1 chain mail "Ibar" {rPois Regen+ Str+8
                  | Stlth-}
 54147 | Swamp:2  | Reached XP level 17. HP: 128/147 MP: 16/16
 54851 | Swamp:2  | Reached skill level 15 in Axes
 57360 | Swamp:4  | Entered Level 4 of the Swamp
 57382 | Swamp:4  | Found a large runed translucent door.
 57382 | Swamp:4  | Found a large runed translucent door.
 57644 | Swamp:4  | Noticed Jacimip's ghost (journeyman HaHu)
 60027 | Swamp:4  | Reached skill level 16 in Axes
 60663 | Swamp:4  | Received a gift from Trog
 61494 | Swamp:4  | Noticed Nikola
 61525 | Swamp:4  | Killed Nikola
 62046 | Swamp:4  | Got a decaying rune of Zot
 62578 | Vaults:1 | Entered Level 1 of the Vaults
 63743 | Vaults:1 | Reached XP level 18. HP: 143/155 MP: 17/17
 66983 | Vaults:1 | Reached skill level 10 in Stealth
 67598 | Vaults:1 | Reached skill level 17 in Axes
 68582 | Vaults:1 | HP: 1/155 [centaur warrior/arrow (14)]
 68583 | Vaults:1 | Shot with an arrow by a centaur warrior

Illustrated notes

Levels and vault maps discovered:
D:1:      wander_arrival_fairy_ring, layout_basic,
          nicolae_ecumenical_snake_handling, minmay_crystal_room
D:2:      layout_rooms, grunt_ministairs_1, minmay_stone_trees_medium
D:3:      layout_loops_ring, lemuel_blue_sif_altar,
          mainiacjoe_overflow_small_starburst, nicolae_vehumet_altar_sigil,
          pf_guarded_unrand_delatra, uniq_terence, uniq_ijyb, uniq_natasha
D:4:      layout_rooms, minmay_cupped, uniq_crazy_yiuf_cottage
D:5:      layout_loops_corners, lightli_sewer_entry_pipes, minivault_5,
          uniq_blork_the_orc
D:6:      minmay_evil_eye, layout_basic, nicolae_elyvilon_peaceful_grove,
          mainiacjoe_overflow_boulevard, minmay_temple_entry_crystal_x,
          serial_undead, serial_undead_c, serial_undead_e, serial_undead_c,
          serial_undead_c, serial_undead_d, serial_undead_e, uniq_edmund
D:7:      layout_basic, nicolae_hepliaklqana_monster_ancestors,
          nicolae_wu_jian_immortal_techniques, dk_noncrumbling_3,
          minmay_door_square
D:8:      layout_basic, nicolae_gozag_cash_rules_everything_around_me,
          mainiacjoe_overflow_chevrons, slow_altar_1, david_lair_generic,
          nicolae_island_escapes
D:9:      gammafunk_jiyva_shrine, layout_stronghold,
          nicolae_overflow_hidden_temple, david_orc_5, nicolae_zen_rock_garden,
          hangedman_abyss_or_decor_clamps, chequers_garden
D:10:     layout_cave_pods, minmay_nine_imps
D:11:     layout_cave_pods, tso_metal_star
D:12:     layout_basic
D:13:     layout_basic, kennysheep_potato, uniq_josephine
D:14:     layout_cave_pools, david_vaults_2, chequers_big_river, drop_trap
D:15:     grunt_enter_depths_magical_seal, layout_rooms, minmay_misc_feat_iff
Lair:1:   layout_cave_pods, grunt_megastairs_1, uniq_prince_ribbit2
Lair:2:   layout_chaotic_city, infiniplex_staircase_pool
Lair:3:   layout_regular_city, minmay_swamp_entry_swarm,
          minmay_snake_entry_six_corridors, ebering_ghost_inner_flame,
          lemuel_fruit_fields
Lair:4:   layout_regular_city, serial_rivers, chequers_serial_rivers_micro_e,
          chequers_serial_rivers_large_a, chequers_serial_rivers_small_3,
          chequers_serial_rivers_micro_b, chequers_serial_rivers_micro_c
Lair:5:   minmay_lair_end_frog_pond, layout_regular_city,
          nicolae_slime_entry_slimehenge
Swamp:1:  nicolae_swamp_tree_isthmus, layout_basic_swamp,
          evilmike_swamp_ruin_house_6, swamp_pool1
Swamp:2:  layout_basic_swamp, evilmike_swamp_ruin_house_5, swamp_pool5,
          hangedman_swamp_dais, infiniplex_staircase_pool_2
Swamp:3:  layout_falls_marsh, serial_swamp_ruin, evilmike_swamp_ruin_house_2,
          hangedman_swamp_ruin_wall
Swamp:4:  swamp_pestilence, layout_basic_swamp, ebering_ghost_disaster_area,
          swamp_pool3, nicolae_swamp_soggy_hallways, uniq_nikola
Snake:1:  layout_concentric_octagons, serial_shops, bzr_firewalk, shop,
          uniq_aizul, uniq_kirke, uniq_mlioglotl
Snake:2:  layout_misc_corridors, uniq_agnes
Snake:3:  layout_honeycomb, serial_shops, shop,
          nicolae_shop_bloodbath_and_beyond, nicolae_shop_advertising_works
          [nicolae_subvault_shop_adworks], shop, portal_ice_cave_entry_dragon,
          serial_bayou_lake_a, uniq_louise
Snake:4:  hellmonk_snake_rune_quicksilver_temple, layout_onion_interference,
          gammafunk_ghost_necromancy
Orc:1:    layout_diamond_mine, serial_shops, shop, shop, shop,
          nicolae_shop_behind_doors, uniq_urug, uniq_erolcha, uniq_jorgrun
Orc:2:    st_orc_rangers, layout_diamond_mine, mines2_david
Vaults:1: hangedman_vaults_snaps, v_pattern_4, ontoclasm_vaults_spin,
          ontoclasm_vaults_ring_small, ontoclasm_vaults_chip,
          ontoclasm_vaults_ligature, v_alt_pattern_5, layout_vaults_omnigrid,
          serial_shops, nicolae_diamond_shop

Skill      XL: |  1  2  3  4  5  6  7  8  9 10 11 12 13 14 15 16 17 18 |
---------------+-------------------------------------------------------+-----
Axes           | 4 5 6 8 9 11 12 13 14 16 17 | 17.1
Fighting       | 4 7 9 11 12 | 12.3
Maces & Flails | 9 12 13 14 15 | 15.1
Shields        | 3 6 |  6.0
Throwing       | 3 6 9 |  9.8
Armour         | 4 8 11 13 14 | 14.5
Dodging        | 5 8 10 | 10.4
Evocations     | 4 7 8 9 |  9.6
Stealth        | 3 5 7 8 9 10 | 10.1
Ranged Weapons | 5 10 12 14 | 14.7

Action                   |  1- 3 |  4- 6 |  7- 9 | 10-12 | 13-15 | 16-18 || total
-------------------------+-------+-------+-------+-------+-------+-------++-------
Melee: Hand axe          |    88 |   127 |    49 |       |       |       ||   264
       Headbutt          |     5 |    21 |    54 |   136 |   261 |   322 ||   799
       Unarmed           |       |     5 |       |       |       |       ||     5
       Mace              |       |       |   141 |       |       |       ||   141
       Dire flail        |       |       |    87 |   534 |  1208 |    78 ||  1907
       Battleaxe         |       |       |       |       |       |  1131 ||  1131
 Fire: Arbalest          |       |       |       |       |    94 |   113 ||   207
       Shortbow          |       |       |       |       |       |     5 ||     5
Throw: Stone             |       |     2 |       |       |       |       ||     2
       Boomerang         |       |       |     2 |     1 |    54 |    19 ||    76
       Dart              |       |       |     5 |       |    13 |       ||    18
Invok: Trog's Hand       |     1 |     3 |     5 |     3 |    25 |    14 ||    51
       Berserk           |       |     2 |     2 |     3 |    10 |     5 ||    22
       Brothers in Arms  |       |       |       |       |     1 |     2 ||     3
Evoke: Wand              |       |       |       |     2 |    13 |    14 ||    29
  Use: Scroll            |     3 |     6 |     4 |     4 |    13 |     5 ||    35
       Potion            |       |     3 |     2 |     2 |    10 |     6 ||    23
 Stab: Confused          |       |       |       |       |       |     3 ||     3
Armor: Ring mail         |    42 |    34 |    12 |       |       |       ||    88
       Chain mail        |       |       |   132 |   117 |       |       ||   249
       Plate armour      |       |       |       |    26 |   431 |   577 ||  1034
Dodge: Dodged            |    60 |    61 |   161 |   197 |   617 |   450 ||  1546
Block: Buckler           |    10 |    15 |    22 |       |       |       ||    47
       Other             |       |       |       |       |   200 |   197 ||   397
       Reflection        |       |       |       |       |    54 |    19 ||    73
